[Event "Titled Tuesday Blitz January 04 2022"]
[White "Darini, Pouria"]
[Black "Pranav, V"]
[WhiteFideId "12502200"]
[BlackFideId "25060783"]
[WhiteElo "2489"]
[BlackElo "2349"]
[Result "0-1"]
[Round "07"]
[TimeControl "180+1"]
[Date "2022.01.04"]
[WhiteClock "0:00:04"]
[BlackClock "0:00:05"]

1. d4 Nf6 2. Bf4 c5 3. e3 cxd4 4. exd4 d5 5. c3 Nc6 6. Nd2 Bf5 7. Qb3 Qc8 8. Ngf3 e6 9. h3 Be7 10. Be2 O-O 11. O-O a6 12. a4 Ne4 13. Nxe4 Bxe4 14. Nd2 Bg6 15. Rfe1 Qd7 16. Qa2 Rfe8 17. a5 Rad8 18. Nb3 Qc8 19. Bg4 Bd3 20. Be2 Bxe2 21. Rxe2 Bf8 22. Rae1 Na7 23. Nc1 Nb5 24. Nd3 Nd6 25. Bxd6 Bxd6 26. g3 h6 27. Kg2 Qc6 28. Ne5 Qb5 29. Re3 Bc7 30. Ra1 Re7 31. h4 h5 32. Qb1 Bxa5 33. Qd1 g6 34. g4 Bc7 35. gxh5 Bxe5 36. Rxe5 Kg7 37. Qd2 f6 38. Re3 Rh8 39. Rae1 Qd7 40. Qe2 Rxh5 41. Rxe6 Rf7 42. Qg4 a5 43. R1e3 Rh6 44. Qg3 Kh7 45. Rd6 Qf5 46. Rde6 Qh5 47. Re7 g5 48. Rxf7+ Qxf7 49. Qd6 Kg6 50. Re7 Qf8 51. Qd7 Rxh4 52. Re8 Rg4+ 53. Kf3 Rf4+ 54. Kg2 Qf7 55. Qd8 Re4 56. Qc8 Rxe8 57. Qg4 Re4 58. Qf3 Qe6 59. Qg3 0-1


[Site "https://www.chess.com"]

[Event "Titled Tuesday Blitz January 04 2022"]
[White "Deac, Bogdan-Daniel"]
[Black "Grischuk, Alexander"]
[WhiteFideId "1226380"]
[BlackFideId "4126025"]
[WhiteElo "2646"]
[BlackElo "2762"]
[Result "1-0"]
[Round "07"]
[TimeControl "180+1"]
[Date "2022.01.04"]
[WhiteClock "0:00:06"]
[BlackClock "0:00:02"]

1. e4 e6 2. d4 d5 3. Nc3 Nf6 4. e5 Nfd7 5. f4 c5 6. Nf3 Nc6 7. Be3 a6 8. Qd2 b5 9. dxc5 Bxc5 10. Bd3 Qb6 11. Bf2 h6 12. a3 O-O 13. O-O f6 14. exf6 Nxf6 15. Rae1 Bd7 16. b4 Bxf2+ 17. Qxf2 Qxf2+ 18. Kxf2 g5 19. Ne2 Rf7 20. fxg5 hxg5 21. Kg1 Rg7 22. Nxg5 Rxg5 23. Rxf6 Rf8 24. Rxf8+ Kxf8 25. Nf4 Kf7 26. g3 Ne7 27. Be2 e5 28. Nd3 Nc6 29. Nc5 Bc8 30. Rf1+ Ke7 31. Kf2 Nd4 32. Bd1 e4 33. Ke3 Nf5+ 34. Kf4 Rg8 35. Ke5 Ne3 36. Re1 Nc4+ 37. Kxd5 e3 38. Kd4 Rd8+ 39. Kc3 Kf6 40. Be2 Ne5 41. Bd3 Ng4 42. h3 Nf2 43. Ne4+ Nxe4+ 44. Bxe4 Bxh3 45. Rxe3 Bc8 46. Bd3 Rg8 47. a4 bxa4 48. Kb2 Rg4 49. Ka3 a5 50. b5 Rg5 51. Kxa4 Rc5 52. Kxa5 1-0


[Site "https://www.chess.com"]

[Event "Titled Tuesday Blitz January 04 2022"]
[White "Demchenko, Anton"]
[Black "Poormosavi, Seyed Kian"]
[WhiteFideId "4160258"]
[BlackFideId "12585807"]
[WhiteElo "2539"]
[BlackElo "2116"]
[Result "1-0"]
[Round "07"]
[TimeControl "180+1"]
[Date "2022.01.04"]
[WhiteClock "0:00:22"]
[BlackClock "0:00:25"]

1. e4 c6 2. d4 d5 3. Nd2 dxe4 4. Nxe4 Nf6 5. Nxf6+ exf6 6. c3 Bf5 7. Bd3 Bxd3 8. Qxd3 Bd6 9. Nf3 O-O 10. O-O Na6 11. Be3 Re8 12. Rfe1 Nc7 13. c4 Qd7 14. Rad1 Qg4 15. h3 Qh5 16. d5 cxd5 17. cxd5 Rad8 18. Bxa7 Rxe1+ 19. Rxe1 Nxd5 20. Qb5 h6 21. Re8+ Rxe8 22. Qxe8+ Kh7 23. Qe4+ Kg8 24. g4 Qxh3 25. Qxd5 Qxg4+ 26. Kf1 Qb4 27. Bd4 Bf8 28. a3 Qa4 29. Qxb7 h5 30. Qc8 h4 31. Kg2 Qb5 32. Qg4 Bd6 33. Bxf6 g6 34. Qxh4 1-0


[Site "https://www.chess.com"]

[Event "Titled Tuesday Blitz January 04 2022"]
[White "Dev, Shah"]
[Black "Grandelius, Nils"]
[WhiteFideId "35019058"]
[BlackFideId "1710400"]
[WhiteElo "2098"]
[BlackElo "2617"]
[Result "0-1"]
[Round "07"]
[TimeControl "180+1"]
[Date "2022.01.04"]
[WhiteClock "0:01:04"]
[BlackClock "0:00:31"]

1. d4 d5 2. c4 e6 3. Nf3 a6 4. Bg5 Be7 5. Bxe7 Nxe7 6. Nbd2 O-O 7. e3 Nd7 8. cxd5 exd5 9. Bd3 Nf6 10. Ne5 Bf5 11. O-O Bxd3 12. Nxd3 Nf5 13. Rc1 c6 14. Qb3 Nd6 15. Nc5 Qe7 16. a4 h5 17. a5 g6 18. Nf3 Nfe4 19. Ne5 Nd2 20. Qb6 Nxf1 21. Rxf1 Kg7 22. Ned7 Rfd8 23. Ne5 f6 24. Ned3 Nc4 25. Qb4 Rab8 26. Nf4 Re8 27. b3 Nd6 28. Nfe6+ Kh7 29. f3 Qf7 30. Qb6 Rbc8 31. Nf4 Rxe3 32. Qa7 Rce8 33. Nfd3 R8e7 34. Qb8 Nf5 35. Qf4 Qg7 36. g4 Nh4 37. Qg3 g5 38. gxh5 Qh6 39. Qg4 f5 40. Qg3 Qxh5 41. Ne5 R7xe5 42. dxe5 Nxf3+ 43. Kf2 f4 44. Qg2 Nh4 45. Qh1 Re2+ 46. Kg1 Qg4+ 0-1


[Site "https://www.chess.com"]

[Event "Titled Tuesday Blitz January 04 2022"]
[White "Diaz Camallonga, Carles"]
[Black "Kalashian, David"]
[WhiteFideId "22235256"]
[BlackFideId "13302418"]
[WhiteElo "2438"]
[BlackElo "2490"]
[Result "0-1"]
[Round "07"]
[TimeControl "180+1"]
[Date "2022.01.04"]
[WhiteClock "0:00:03"]
[BlackClock "0:00:46"]

1. e4 c6 2. Nc3 g6 3. d4 Bg7 4. Nf3 d6 5. h3 Nf6 6. a4 O-O 7. Be3 Nbd7 8. Be2 e5 9. dxe5 dxe5 10. O-O Qe7 11. Bc4 Nc5 12. Nd2 Rd8 13. Qb1 Nh5 14. Qa2 Ne6 15. Rad1 Nd4 16. Nb3 Be6 17. Bxe6 Qxe6 18. Rd2 Rd6 19. Rfd1 Rad8 20. Nc5 Qe7 21. b4 Nf4 22. Bxd4 Rxd4 23. Rxd4 exd4 24. Nb1 Qg5 25. g3 Nxh3+ 26. Kg2 Nf4+ 27. Kg1 Qg4 28. Re1 Nh3+ 29. Kg2 Ng5 0-1


[Site "https://www.chess.com"]

[Event "Titled Tuesday Blitz January 04 2022"]
[White "Drozdowski, Kacper"]
[Black "Tristan, Leonardo"]
[WhiteFideId "1136720"]
[BlackFideId "113816"]
[WhiteElo "2507"]
[BlackElo "2404"]
[Result "0-1"]
[Round "07"]
[TimeControl "180+1"]
[Date "2022.01.04"]
[WhiteClock "0:01:04"]
[BlackClock "0:01:23"]

1. e4 d5 2. exd5 Qxd5 3. Nc3 Qa5 4. d4 Nf6 5. Bc4 Bg4 6. Ne2 Nc6 7. h3 Bf5 8. Be3 O-O-O 9. O-O e5 10. d5 Nb4 11. Ng3 Bg6 12. Bd2 Qc5 13. Bb3 Nbxd5 14. Nxd5 Nxd5 15. Qg4+ Kb8 16. Rad1 Be7 17. Rfe1 h5 18. Qa4 Nb6 19. Qa5 Qxa5 20. Bxa5 f6 21. Kf1 h4 22. Ne2 Bf5 23. f4 Bd6 24. fxe5 Bxe5 25. Bc3 Rxd1 26. Rxd1 Bxc3 27. Nxc3 Re8 28. Kf2 c6 29. Rd4 g5 30. Rd6 Nd7 31. Ne2 Kc7 32. Rd2 Nc5 33. Nd4 Ne4+ 0-1


[Site "https://www.chess.com"]

[Event "Titled Tuesday Blitz January 04 2022"]
[White "Efimenko, Zahar"]
[Black "Paravyan, David"]
[WhiteFideId "14107201"]
[BlackFideId "4194985"]
[WhiteElo "2528"]
[BlackElo "2569"]
[Result "0-1"]
[Round "07"]
[TimeControl "180+1"]
[Date "2022.01.04"]
[WhiteClock "0:00:01"]
[BlackClock "0:00:31"]

1. Nf3 Nf6 2. g3 g6 3. b3 d5 4. Bb2 c5 5. Bg2 Nc6 6. O-O Bg7 7. Ne5 h5 8. h4 Nxe5 9. Bxe5 Bg4 10. Nc3 O-O 11. d4 cxd4 12. Qxd4 Rc8 13. Rac1 Bh6 14. e3 Nd7 15. Nxd5 Nxe5 16. Qxe5 Re8 17. c4 Bg7 18. Qg5 Kh7 19. f3 Be6 20. Nf4 Bf5 21. e4 f6 22. exf5 fxg5 23. fxg6+ Kh8 24. hxg5 Be5 25. Ne6 Qb6+ 0-1


[Site "https://www.chess.com"]

[Event "Titled Tuesday Blitz January 04 2022"]
[White "Florescu, Codrut-Constantin"]
[Black "Rustemov, Alexander"]
[WhiteFideId "1202200"]
[BlackFideId "4119002"]
[WhiteElo "2243"]
[BlackElo "2788"]
[Result "1-0"]
[Round "07"]
[TimeControl "180+1"]
[Date "2022.01.04"]
[WhiteClock "0:00:15"]
[BlackClock "0:00:03"]

1. d4 d5 2. c4 c6 3. Nf3 Nf6 4. Nc3 a6 5. c5 Bf5 6. Bf4 e6 7. e3 Be7 8. h3 h6 9. Bd3 Bxd3 10. Qxd3 Nbd7 11. O-O O-O 12. b4 Qc8 13. a4 Bd8 14. b5 Bc7 15. bxc6 bxc6 16. a5 Re8 17. Bxc7 Qxc7 18. Na4 e5 19. Nb6 Ra7 20. Nxd7 Nxd7 21. Qf5 Rb7 22. Rfb1 Rb5 23. Rxb5 axb5 24. a6 e4 25. Nd2 Ra8 26. f3 exf3 27. Nxf3 Nf6 28. Ne5 Ra7 29. Nd3 Qe7 30. Qe5 Qd8 31. Nb4 Qa8 32. Qd6 Qe8 33. Ra3 Re7 34. Qxe7 Qxe7 35. a7 Qe4 36. a8=Q+ Kh7 37. Rb3 Qf5 38. Qa2 Ne4 39. Qc2 Qg6 40. Rb1 h5 41. Rf1 h4 42. Rf4 Qg3 43. Qe2 f6 44. Nxc6 g5 45. Rxe4 dxe4 46. Ne7 Kg7 47. Nf5+ Kg6 48. Nxg3 hxg3 49. c6 b4 50. c7 b3 51. c8=Q b2 52. Qxb2 f5 53. Qe6+ Kh5 54. Qb8 Kh4 55. Qh8# 1-0


[Site "https://www.chess.com"]

[Event "Titled Tuesday Blitz January 04 2022"]
[White "Gelman, Alexander"]
[Black "Pichot, Alan"]
[WhiteFideId "4118316"]
[BlackFideId "110973"]
[WhiteElo "2375"]
[BlackElo "2543"]
[Result "0-1"]
[Round "07"]
[TimeControl "180+1"]
[Date "2022.01.04"]
[WhiteClock "0:00:05"]
[BlackClock "0:00:14"]

1. d4 Nf6 2. Nc3 e6 3. e4 d5 4. e5 Nfd7 5. Nce2 c5 6. c3 Nc6 7. f4 a5 8. Nf3 a4 9. g4 h5 10. gxh5 b5 11. f5 cxd4 12. cxd4 exf5 13. Nf4 Bb7 14. Bd3 a3 15. bxa3 Bxa3 16. Bxf5 Bxc1 17. Qxc1 Qa5+ 18. Kf2 Qa3 19. Qd2 Nb6 20. e6 Nc4 21. Qe2 f6 22. Rhg1 Qd6 23. Rxg7 Qxf4 24. Rxb7 Qxf5 25. Kg2 Qg4+ 26. Kh1 Qe4 27. Qxe4 dxe4 28. Nh4 Rxh5 29. Ng6 O-O-O 30. e7 Kxb7 0-1


[Site "https://www.chess.com"]

[Event "Titled Tuesday Blitz January 04 2022"]
[White "Goltsev, Dmitry"]
[Black "Nesterov, Arseniy"]
[WhiteFideId "24176710"]
[BlackFideId "24198455"]
[WhiteElo "2273"]
[BlackElo "2489"]
[Result "0-1"]
[Round "07"]
[TimeControl "180+1"]
[Date "2022.01.04"]
[WhiteClock "0:02:01"]
[BlackClock "0:02:24"]

1. e4 e5 2. Nf3 Nc6 3. Bb5 a6 4. Ba4 b5 5. Bb3 Na5 6. O-O d6 7. c3 Nxb3 8. axb3 Bb7 9. d4 Nf6 10. dxe5 Nxe4 11. exd6 Bxd6 12. Nbd2 Nxd2 13. Bxd2 O-O 14. Be3 Qf6 15. Qd4 Qg6 16. Nh4 Qh5 17. Rad1 Rad8 18. Kh1 Be7 19. Qa7 Rxd1 0-1


[Site "https://www.chess.com"]

[Event "Titled Tuesday Blitz January 04 2022"]
[White "Golubev, Mikhail"]
[Black "Zhigalko, Sergei"]
[WhiteFideId "14100983"]
[BlackFideId "13502956"]
[WhiteElo "2374"]
[BlackElo "2662"]
[Result "0-1"]
[Round "07"]
[TimeControl "180+1"]
[Date "2022.01.04"]
[WhiteClock "0:00:02"]
[BlackClock "0:00:30"]

1. e4 c5 2. Nf3 Nc6 3. d4 cxd4 4. Nxd4 Nf6 5. Nc3 e5 6. Ndb5 d6 7. Bg5 a6 8. Na3 b5 9. Bxf6 gxf6 10. Nd5 Bg7 11. c3 f5 12. exf5 Bxf5 13. Nc2 Be6 14. a4 O-O 15. axb5 axb5 16. Rxa8 Qxa8 17. Bxb5 Nd4 18. Ne7+ Kh8 19. cxd4 Qxg2 20. Rf1 Qb7 21. d5 Bh3 22. Rg1 Qxb5 23. Qh5 Qxb2 24. Qg5 e4 25. Rg3 Bc3+ 26. Ke2 Qxc2+ 0-1


[Site "https://www.chess.com"]

[Event "Titled Tuesday Blitz January 04 2022"]
[White "Hakobyan, Aram"]
[Black "Aloma Vidal, Robert"]
[WhiteFideId "13306677"]
[BlackFideId "2260409"]
[WhiteElo "2557"]
[BlackElo "2435"]
[Result "1-0"]
[Round "07"]
[TimeControl "180+1"]
[Date "2022.01.04"]
[WhiteClock "0:01:14"]
[BlackClock "0:00:14"]

1. d4 d5 2. Nf3 Bf5 3. c3 c6 4. Bf4 Nd7 5. Qb3 Qb6 6. e3 h6 7. c4 e6 8. Nc3 Ngf6 9. c5 Qxb3 10. axb3 a6 11. b4 Rc8 12. h3 g5 13. Bh2 Bg7 14. Nd2 O-O 15. Nb3 e5 16. dxe5 Ne4 17. Nd4 Bg6 18. f4 Rce8 19. Be2 Nxc3 20. bxc3 Be4 21. O-O Re7 22. Bg4 f5 23. Be2 gxf4 24. exf4 Kh7 25. Bf3 h5 26. Bxh5 Bh6 27. Bf3 Rg7 28. Ne6 Rxg2+ 29. Bxg2 Rg8 30. Rf2 1-0


[Site "https://www.chess.com"]

[Event "Titled Tuesday Blitz January 04 2022"]
[White "Ibarra Jerez, Jose Carlos"]
[Black "Sarana, Alexey"]
[WhiteFideId "2226332"]
[BlackFideId "24133795"]
[WhiteElo "2626"]
[BlackElo "2665"]
[Result "0-1"]
[Round "07"]
[TimeControl "180+1"]
[Date "2022.01.04"]
[WhiteClock "0:00:02"]
[BlackClock "0:02:26"]

1. e4 c5 2. Ne2 d6 3. g3 d5 4. Bg2 d4 5. d3 Nc6 6. a4 e5 7. Na3 Bd6 8. O-O Nge7 9. Nc4 Bc7 10. f4 Be6 11. b3 a6 12. f5 Bxc4 13. bxc4 f6 14. g4 h6 15. Ng3 Kd7 16. Nh5 Rg8 17. h4 Ba5 18. g5 hxg5 19. hxg5 Qf8 20. Rb1 Kc7 21. Qg4 Rh8 22. gxf6 gxf6 23. Ng7 Nd8 24. Ne6+ Nxe6 25. fxe6 Rg8 26. Qf3 Rg6 27. Kf2 Qg7 28. Qh3 Rh8 29. Qf3 Rg8 30. Bh1 Rg3 31. Bh6 Rxf3+ 0-1


[Site "https://www.chess.com"]

[Event "Titled Tuesday Blitz January 04 2022"]
[White "Ibrahimli, Murad"]
[Black "Koellner, Ruben Gideon"]
[WhiteFideId "13410229"]
[BlackFideId "12993093"]
[WhiteElo "2109"]
[BlackElo "2615"]
[Result "1-0"]
[Round "07"]
[TimeControl "180+1"]
[Date "2022.01.04"]
[WhiteClock "0:01:05"]
[BlackClock "0:00:24"]

1. e4 d6 2. Nf3 Nf6 3. Nc3 e5 4. d4 Nbd7 5. Bc4 Be7 6. O-O c6 7. a4 h6 8. Re1 Qc7 9. Ba2 Nf8 10. h3 g5 11. dxe5 dxe5 12. Nh2 Ng6 13. Ng4 Bxg4 14. hxg4 Nf4 15. g3 Ne6 16. Bxe6 fxe6 17. Be3 Kf7 18. Qe2 h5 19. gxh5 Rxh5 20. Kg2 Rah8 21. Rh1 g4 22. Rxh5 Rxh5 23. f3 gxf3+ 24. Qxf3 Qd8 25. g4 Qg8 26. g5 Ke8 27. Kf1 Rxg5 28. Bxg5 Qxg5 29. Ke2 Nh5 30. Re1 Ng3+ 31. Kd1 Qf4 32. Qxf4 exf4 33. Ne2 Nxe2 34. Kxe2 e5 35. Kf3 Kd7 36. Kg4 Ke6 37. Rh1 a6 38. Rh6+ Bf6 39. a5 c5 40. c4 Kf7 41. Kf5 Bd8 42. Rh7+ Ke8 43. Ke6 Kf8 44. Rh8+ Kg7 45. Rxd8 f3 46. Rd3 f2 47. Rf3 1-0


[Site "https://www.chess.com"]

[Event "Titled Tuesday Blitz January 04 2022"]
[White "Jobava, Baadur"]
[Black "Bellahcene, Bilel"]
[WhiteFideId "13601520"]
[BlackFideId "696358"]
[WhiteElo "2617"]
[BlackElo "2562"]
[Result "1-0"]
[Round "07"]
[TimeControl "180+1"]
[Date "2022.01.04"]
[WhiteClock "0:02:13"]
[BlackClock "0:01:04"]

1. b3 e5 2. Bb2 Nc6 3. Nf3 e4 4. Nd4 Nxd4 5. Bxd4 Nf6 6. e3 d5 7. c4 Be7 8. Nc3 dxc4 9. Bxc4 O-O 10. O-O Bf5 11. f3 c5 12. Be5 exf3 13. Qxf3 Bg6 14. Qxb7 Qxd2 15. Qxe7 Qxe3+ 16. Kh1 Rae8 17. Rae1 Qxe1 18. Qxf8+ Kxf8 19. Rxe1 Kg8 20. Bg3 Ne4 21. Kg1 Kf8 22. Nxe4 1-0


[Site "https://www.chess.com"]

[Event "Titled Tuesday Blitz January 04 2022"]
[White "Kamsky, Gata"]
[Black "Vakhlamov, Igor L."]
[WhiteFideId "2000024"]
[BlackFideId "24126748"]
[WhiteElo "2645"]
[BlackElo "2401"]
[Result "1-0"]
[Round "07"]
[TimeControl "180+1"]
[Date "2022.01.04"]
[WhiteClock "0:00:27"]
[BlackClock "0:00:03"]

1. d4 d5 2. Bf4 Nf6 3. e3 Bf5 4. c4 e6 5. Nc3 Bb4 6. Qb3 Nc6 7. Nf3 O-O 8. Be2 a6 9. O-O dxc4 10. Qxc4 Bd6 11. Bg5 e5 12. Nd5 e4 13. Bxf6 gxf6 14. Nd2 Kh8 15. Nc3 Qe7 16. Qd5 Bg6 17. a3 Rad8 18. Qb3 b5 19. Rfd1 Rg8 20. g3 f5 21. Rac1 Nb8 22. Nd5 Qg5 23. Nxc7 f4 24. exf4 Bxf4 25. Qc3 Rc8 26. h4 Qh6 27. d5+ f6 28. Qxf6+ Rg7 29. Ne6 Rxc1 30. Rxc1 Be8 31. Qxf4 1-0


[Site "https://www.chess.com"]

[Event "Titled Tuesday Blitz January 04 2022"]
[White "Lenderman, Aleksandr"]
[Black "Punin, Andrii"]
[WhiteFideId "2021285"]
[BlackFideId "14112639"]
[WhiteElo "2651"]
[BlackElo "2357"]
[Result "1-0"]
[Round "07"]
[TimeControl "180+1"]
[Date "2022.01.04"]
[WhiteClock "0:00:07"]
[BlackClock "0:00:01"]

1. Nf3 d5 2. e3 Nf6 3. c4 e6 4. Nc3 c5 5. cxd5 exd5 6. Bb5+ Nc6 7. O-O Bd6 8. d4 cxd4 9. exd4 O-O 10. Bg5 Be7 11. Bxc6 bxc6 12. Ne5 Bd7 13. Rc1 h6 14. Bh4 Rc8 15. Re1 c5 16. Bxf6 Bxf6 17. Nxd5 Be6 18. Nxf6+ gxf6 19. Nf3 Qd5 20. dxc5 Rxc5 21. Rxc5 Qxc5 22. Qd2 Kg7 23. a3 a5 24. Nd4 Bd7 25. Re3 Rc8 26. Rc3 Qh5 27. Rxc8 Bxc8 28. h3 Bb7 29. Qe3 Qd5 30. f3 Kg6 31. Ne2 Qd1+ 32. Kh2 Qd6+ 33. Qf4 Qxf4+ 34. Nxf4+ Kf5 35. Nd3 Ba6 36. g4+ Kg6 37. Nf4+ Kg5 38. Nd5 h5 39. Kg3 hxg4 40. hxg4 Bb7 41. Ne7 a4 42. Nf5 Kg6 43. Kf4 Kh7 44. Nd6 Bc6 45. Nxf7 Kg6 46. Nd6 Bd5 47. Nf5 Kf7 48. Ne3 Bc6 49. Nc4 Ke6 50. Nd2 Bd5 51. Ne4 Bc6 52. g5 fxg5+ 53. Nxg5+ Kd5 54. Ke3 Kc4 55. Kd2 Kd4 56. Ne4 Bd7 57. Nc3 Kc4 58. Ne2 Kb3 59. Kc1 Kc4 60. f4 Bf5 61. Nc3 Kb3 62. Nd5 1-0


[Site "https://www.chess.com"]

[Event "Titled Tuesday Blitz January 04 2022"]
[White "Liyanage, Ranindu Dilshan"]
[Black "Onyshchuk, Volodymyr"]
[WhiteFideId "9915834"]
[BlackFideId "14114038"]
[WhiteElo "1858"]
[BlackElo "2642"]
[Result "0-1"]
[Round "07"]
[TimeControl "180+1"]
[Date "2022.01.04"]
[WhiteClock "0:00:05"]
[BlackClock "0:00:12"]

1. e4 g6 2. d4 Bg7 3. Nc3 d6 4. f4 b6 5. Nf3 Bb7 6. Bd3 e6 7. Be3 Ne7 8. e5 Nd7 9. Qe2 a6 10. Bf2 b5 11. Ne4 Nd5 12. g3 Nb4 13. exd6 Nxd3+ 14. Qxd3 O-O 15. dxc7 Qxc7 16. O-O-O Rfd8 17. Kb1 Rac8 18. Qe2 Nb6 19. Nc5 Bd5 20. Rhe1 Nc4 21. Ne5 Qa5 22. Nb3 Qb6 23. Nc5 a5 24. h4 a4 25. h5 Qa5 26. hxg6 hxg6 27. Ned3 a3 28. b3 Qc3 29. bxc4 bxc4 30. Qd2 Bxd4 31. Bxd4 Qxd4 32. Qe3 Qxe3 33. Rxe3 cxd3 34. Nxd3 Rc3 35. Re2 Rb8+ 36. Ka1 Bc4 37. Rf2 Kg7 38. Rfd2 Rc8 39. Kb1 Bd5 40. Re1 Rb8+ 41. Ka1 Bc4 42. Red1 Bxd3 43. cxd3 Rbc8 44. Kb1 Kf6 45. Re1 Kf5 46. Rg1 Kg4 47. d4 Rxg3 48. Rxg3+ Kxg3 49. Rd3+ Kxf4 50. Rxa3 g5 51. Rc3 Rxc3 0-1


[Site "https://www.chess.com"]

[Event "Titled Tuesday Blitz January 04 2022"]
[White "Maghsoodloo, Parham"]
[Black "Kosakowski, Jakub"]
[WhiteFideId "12539929"]
[BlackFideId "1185080"]
[WhiteElo "2630"]
[BlackElo "2476"]
[Result "1-0"]
[Round "07"]
[TimeControl "180+1"]
[Date "2022.01.04"]
[WhiteClock "0:00:09"]
[BlackClock "0:00:09"]

1. e4 e5 2. Nf3 Nc6 3. Bb5 a6 4. Ba4 Nf6 5. O-O Be7 6. Re1 b5 7. Bb3 O-O 8. h3 d6 9. a4 Rb8 10. d3 h6 11. Nc3 Be6 12. axb5 axb5 13. Nd5 Qd7 14. Bd2 Bd8 15. c4 bxc4 16. dxc4 Nh7 17. Ba4 Qe8 18. b4 Bd7 19. Bc3 Ne7 20. Bxd7 Qxd7 21. b5 c6 22. Nxe7+ Qxe7 23. bxc6 Rb6 24. c5 Rxc6 25. cxd6 Rxd6 26. Qb3 Rd3 27. Re3 Rxe3 28. fxe3 Ng5 29. Nxe5 Nxe4 30. Bd4 Qh4 31. Qc2 Ng5 32. Nd7 Re8 33. Ra8 Qg3 34. Kf1 Nxh3 35. Qf5 Ng5 36. Bb6 Ne6 37. Ne5 Qh4 38. Qxf7+ Kh7 39. Qg6+ 1-0


[Site "https://www.chess.com"]

[Event "Titled Tuesday Blitz January 04 2022"]
[White "Makarian, Rudik"]
[Black "Howell, David W L"]
[WhiteFideId "44105681"]
[BlackFideId "410608"]
[WhiteElo "2486"]
[BlackElo "2559"]
[Result "0-1"]
[Round "07"]
[TimeControl "180+1"]
[Date "2022.01.04"]
[WhiteClock "0:00:02"]
[BlackClock "0:00:13"]

1. d4 Nf6 2. c4 g6 3. Nc3 Bg7 4. e4 O-O 5. Be2 d6 6. Be3 c5 7. d5 e6 8. Nf3 exd5 9. cxd5 Bg4 10. Nd2 Bxe2 11. Qxe2 Na6 12. O-O Re8 13. Kh1 Nc7 14. a4 Nd7 15. Nc4 Ne5 16. Bf4 Nxc4 17. Qxc4 a6 18. Rfe1 Qd7 19. a5 Nb5 20. Na4 Rad8 21. Bg3 h5 22. h3 Qe7 23. Rad1 Bd4 24. Rd2 Qg5 25. Rde2 Re7 26. Nc3 Nc7 27. e5 Rxe5 28. Bxe5 dxe5 29. Ne4 Qf5 30. d6 Ne6 31. Qd5 Rd7 32. Ng3 Qf6 33. Ne4 Qf5 34. Ng3 Qf6 35. Ne4 Qd8 36. g3 h4 37. Kg2 Kg7 38. b4 cxb4 39. Rb1 hxg3 40. fxg3 b6 41. Rxb4 bxa5 42. Rxd4 exd4 43. Qe5+ Kh6 44. g4 Rb7 45. Rf2 Rb5 0-1


[Site "https://www.chess.com"]

[Event "Titled Tuesday Blitz January 04 2022"]
[White "Maly, Alexey"]
[Black "Sadhwani, Raunak"]
[WhiteFideId "14103184"]
[BlackFideId "35093487"]
[WhiteElo "2266"]
[BlackElo "2616"]
[Result "1-0"]
[Round "07"]
[TimeControl "180+1"]
[Date "2022.01.04"]
[WhiteClock "0:00:11"]
[BlackClock "0:00:07"]

1. d4 Nf6 2. c4 g6 3. Nc3 Bg7 4. e4 d6 5. Be2 O-O 6. Nf3 e5 7. O-O h6 8. d5 a5 9. Ne1 Na6 10. Be3 b6 11. Nd3 Nc5 12. Nxc5 bxc5 13. a3 Nh7 14. Rb1 f5 15. f3 f4 16. Bf2 Rb8 17. b4 axb4 18. axb4 cxb4 19. Nb5 g5 20. Rxb4 h5 21. c5 Rf6 22. cxd6 cxd6 23. Qb3 Rg6 24. Rc1 g4 25. Nxd6 Rxb4 26. Qxb4 Bf8 27. Qb8 g3 28. hxg3 fxg3 29. Be3 Rxd6 30. Rxc8 Qf6 31. Bc5 Rd7 32. Bxf8 Nxf8 33. Bb5 Rf7 34. d6 Qf4 35. Qb6 Qd2 36. d7 Qd1+ 37. Bf1 Qxd7 38. Qg6+ Kh8 39. Qxh5+ Kg8 40. Qg5+ Kh7 41. Qh5+ Kg8 42. Qg6+ Kh8 43. Rxf8+ Rxf8 44. Qh6+ Kg8 45. Bc4+ Rf7 46. Qg6+ Kh8 47. Qh6+ Kg8 48. Bxf7+ Kxf7 49. Qh7+ Ke6 50. Qxd7+ Kxd7 51. Kf1 Ke7 52. Ke2 Kf6 53. Ke3 Kg5 54. f4+ exf4+ 55. Kf3 Kf6 56. Kxf4 Ke6 57. Kxg3 Ke5 58. Kf3 Kf6 59. Kf4 Ke6 60. g4 1-0


[Site "https://www.chess.com"]

[Event "Titled Tuesday Blitz January 04 2022"]
[White "Martinez Alcantara, Jose Eduardo"]
[Black "Bodnar, Nikolay"]
[WhiteFideId "3805662"]
[BlackFideId "14106469"]
[WhiteElo "2690"]
[BlackElo "2296"]
[Result "0-1"]
[Round "07"]
[TimeControl "180+1"]
[Date "2022.01.04"]
[WhiteClock "0:00:01"]
[BlackClock "0:00:02"]

1. e4 e5 2. Nf3 Nc6 3. Bb5 Nf6 4. d3 Bc5 5. O-O Nd4 6. Be3 c6 7. Bxd4 exd4 8. Ba4 O-O 9. c3 dxc3 10. bxc3 d5 11. e5 Nd7 12. d4 Be7 13. Re1 Re8 14. Nbd2 Nf8 15. h3 Bf5 16. Nf1 Ne6 17. Ng3 Bg6 18. Bc2 c5 19. Rb1 b6 20. Nf5 Bxf5 21. Bxf5 g6 22. Bd3 Rf8 23. g3 Rc8 24. h4 a5 25. Kg2 cxd4 26. cxd4 Bb4 27. Rh1 h5 28. Rb3 Qe7 29. Qb1 Kg7 30. Qb2 Qc7 31. a3 Bc3 32. Qb1 Nxd4 33. Rxb6 Nxf3 34. Kxf3 Qxe5 35. Kg2 Bd4 36. Re1 Qxe1 37. Qxe1 Bxb6 38. Qe5+ Kg8 39. g4 Rfe8 40. Qb2 Bc7 41. gxh5 Be5 42. Qb5 gxh5 43. Qxd5 Rcd8 44. Qf3 Bg7 45. Bc4 Re7 46. Qxh5 Rd6 47. Qg5 Red7 48. Qxa5 Rd4 49. Qb5 Rd8 50. h5 Rg4+ 51. Kf3 Rdd4 52. Qe8+ Kh7 53. Bxf7 Rdf4+ 54. Ke3 Bd4+ 55. Kd3 Rf3+ 56. Kc4 Bxf2+ 57. Kb5 Rf5+ 58. Ka6 Rf6+ 59. Kb7 Kh6 60. Qh8+ Kg5 0-1


[Site "https://www.chess.com"]

[Event "Titled Tuesday Blitz January 04 2022"]
[White "Mikhailovsky, Vladimir"]
[Black "Perez Ponsa, Federico"]
[WhiteFideId "34105414"]
[BlackFideId "117927"]
[WhiteElo "2371"]
[BlackElo "2672"]
[Result "0-1"]
[Round "07"]
[TimeControl "180+1"]
[Date "2022.01.04"]
[WhiteClock "0:00:11"]
[BlackClock "0:01:05"]

1. c4 Nf6 2. Nc3 g6 3. d4 Bg7 4. e4 d6 5. Nge2 O-O 6. Ng3 c5 7. d5 e6 8. Be2 exd5 9. exd5 Nbd7 10. O-O a6 11. Bf4 Ne8 12. Qd2 Ne5 13. Bh6 f5 14. Bxg7 Kxg7 15. f4 Nf7 16. Rae1 Nf6 17. Bd3 Bd7 18. a4 Re8 19. Rxe8 Qxe8 20. Re1 Qf8 21. a5 Re8 22. Rxe8 Qxe8 23. Nge2 Qd8 24. Nd1 b6 25. axb6 Qxb6 26. Qc3 a5 27. Qa3 Nd8 28. Ndc3 Qb4 29. h3 Nb7 30. Kf2 a4 31. Na2 Qb6 32. Nec3 Na5 33. Kg1 Qb3 34. Nc1 Qb4 35. N1a2 Qxa3 36. bxa3 Ne8 37. Nc1 Nc7 38. Bc2 Nxc4 39. Bxa4 Bxa4 40. Nxa4 Nxa3 41. Nb6 Nab5 42. Kf2 Nc3 43. Nc8 N3xd5 44. Nxd6 Nxf4 45. Nb3 Nfe6 46. Nb7 c4 47. N3a5 c3 48. Ke3 Nd5+ 49. Kd3 Nef4+ 50. Kc2 Nxg2 51. Nd6 Nge3+ 52. Kd3 c2 53. Nb3 Kf6 54. Nc4 Nxc4 55. Kxc4 Nf4 56. h4 Ne2 57. Kd3 c1=Q 58. Nxc1 Nxc1+ 0-1


[Site "https://www.chess.com"]